 Dungeon Crawl Stone Soup version 0.28-a0-706-gf6f64a616a (webtiles) character file.

Game seed: 7959884710796147558

46 marklar909 the Magician (level 3, 0/25 HPs)
             Began as a Palentonga Hedge Wizard on Oct 24, 2021.
             Shot with a stone by a goblin (6 damage)
             ... on level 2 of the Dungeon.
             The game lasted 00:03:32 (2432 turns).

marklar909 the Magician (Palentonga Hedge Wizard)   Turns: 2432, Time: 00:03:32

Health: 0/25       AC:  4    Str: 13    XL:     3   Next: 44%
Magic:  6/8        EV:  9    Int: 15    God:
Gold:   39         SH:  0    Dex:  9    Spells: 6/9 levels left

rFire   + . .      SeeInvis +   e - staff of fire
rCold   . . .      Faith    .   (no shield)
rNeg    . . .      Spirit   .   b - +0 robe
rPois   .          Reflect  .   c - +0 hat
rElec   .          Harm     .   (no cloak)
rCorr   .          Rampage  .   (no gloves)
Will    .....                   (no barding)
Stlth   +.........              (no amulet)
HPRegen 0.08/turn               (no ring)
MPRegen 0.11/turn               (no ring)

@: no status effects
A: large, rugged brown scales 3, see invisible, deformed body, roll 1, armoured
tail
a: Rolling Charge


You were on level 2 of the Dungeon.
You visited 1 branch of the dungeon, and saw 2 of its levels.

You collected 39 gold pieces.

Inventory:

Armour
 b - a +0 robe (worn)
 c - a +0 hat (worn)
Magical Staves
 e - a staff of fire (weapon)
Jewellery
 a - an amulet of reflection
Scrolls
 d - a scroll of silence {unknown}
 f - a scroll of identify
Potions
 g - a potion of heal wounds


   Skills:
 + Level 0.2 Staves
 * Level 0.1 Armour
 * Level 1.7 Dodging
 - Level 1.3 Stealth
 + Level 3.8 Spellcasting
 + Level 1.3 Conjurations
 + Level 0.7 Summonings
 + Level 1.0 Translocations
 * Level 0.4 Fire Magic
 * Level 0.1 Evocations


You had 6 spell levels left.
You knew the following spells:

 Your Spells              Type           Power      Damage    Failure   Level
a - Magic Dart            Conj           24%        1d4       11%         1
b - Blink                 Tloc           12%        N/A       19%         2

Your spell library contained the following spells:

 Spells                   Type           Power      Damage    Failure   Level
 Freeze                   Ice            8%         1d3       19%         1
 Call Imp                 Summ           5%         N/A       21%         2
 Slow                     Hex            2%         N/A       28%         2
 Conjure Flame            Conj/Fire      8%         6-21      36%         3
 Mephitic Cloud           Conj/Pois/Air  4%         N/A       43%         3
 Frozen Ramparts          Ice            4%         1d2       50%         3
 Hailstorm                Conj/Ice       4%         3d4       80%         4


Dungeon Overview and Level Annotations

Branches:
Dungeon (2/15)

Altars:


Innate Abilities, Weirdness & Mutations

You are completely covered in rugged brown scales. (AC +3, +7% HP)
You have supernaturally acute eyesight. (SInv)
Armour fits poorly on your strangely shaped body.
You can roll at nearby foes to attack.
You have a long armoured tail.


Message History

You aren't carrying any items that you can evoke.
Unknown command.
Casting: Magic Dart (safe; 11% risk of failure)
Confirm with . or Enter, or press ? or * to list all spells.
Okay, then.
Okay, then.
Unknown command.
Casting: Magic Dart (safe; 11% risk of failure)
Confirm with . or Enter, or press ? or * to list all spells.
Aiming: Magic Dart (safe; 11% risk of failure)
Press: ? - help, Shift-Dir - straight line, f/p - worm
Aim: a worm (lightly wounded, 100% to hit)
You miscast Magic Dart.
You are very lightly contaminated with residual magic.
Nothing appears to happen.
Unknown command.
There is an open door here.
Your magical contamination has completely faded away.
The goblin shoots a stone.
The stone misses you.
The goblin shoots a stone.
The stone hits you but does no damage.
Something unseen opens the door.
The goblin shoots a stone.
The stone hits you.
You open the door.
The goblin shoots a stone.
The stone hits you.
The goblin shoots a stone.
The stone hits you but does no damage.
The goblin shoots a stone.
The stone misses you.
The goblin shoots a stone.
The stone hits you.
The goblin shoots a stone.
The stone hits you but does no damage.
The goblin shoots a stone.
The stone hits you.
The goblin shoots a stone.
The stone hits you.
* * * LOW HITPOINT WARNING * * *
The goblin shoots a stone.
The stone closely misses you.
The goblin shoots a stone.
The stone misses you.
The goblin shoots a stone.
The stone hits you.
* * * LOW HITPOINT WARNING * * *
A bat and a worm come into view.
The bat hits you but does no damage. The bat hits you but does no damage.
The goblin shoots a stone.
The stone closely misses you.
The goblin shoots a stone.
The stone hits you.
You die...

.... #.##
###.####
... #.#
#.# #+
#.# #.#
#g# #>#
#.# #.#
#.#
#.#### #
#.#
#.....
... #.#
##....
#...###@#
#.##.
...w..b.#
#.##.
........#
#.##.
.......##
#.###
#...###
#.# #...
#.### #..
#.... ##
##.###
##.## #


You could see a worm, a goblin and a bat.

Vanquished Creatures
  3 dart slugs
  2 endoplasms
  A giant cockroach (D:1)
  2 goblins (D:1)
  5 hobgoblins
  3 jackals (D:2)
  4 kobolds
  A quokka (D:1)
  4 ball pythons
  6 bats
  A frilled lizard (D:2)
  3 rats
35 creatures vanquished.

Notes
Turn   | Place    | Note
-------+----------+-------------------------------------------
     0 | D:1      | marklar909 the Palentonga Hedge Wizard began the quest for
                  | the Orb.
     0 | D:1      | Reached XP level 1. HP: 13/13 MP: 4/4
   414 | D:1      | Reached XP level 2. HP: 7/20 MP: 0/6
   959 | D:1      | Reached skill level 1 in Conjurations
  1547 | D:1      | Learned a level 2 spell: Blink
  1700 | D:2      | Reached XP level 3. HP: 25/25 MP: 6/8
  1719 | D:2      | Found a faded altar of an unknown god.
  2432 | D:2      | Shot with a stone by a goblin

Illustrated notes

Levels and vault maps discovered:
D:1:      wander_arrival_desolate, layout_loops_corners, serial_bayou,
          serial_bayou_shore_a, serial_bayou_pond_a, serial_bayou_pond_b,
          serial_bayou_ford_a
D:2:      layout_loops_corners, ebering_ecumenical_altar_hall

Skill      XL: |  1  2 |
---------------+-------+-----
Conjurations   | 1 |  1.3
Staves         | |  0.2
Armour         | |  0.1
Dodging        | |  1.7
Stealth        | |  1.3
Spellcasting   | |  3.8
Summonings     | |  0.7
Translocations | |  1.0
Fire Magic     | |  0.4
Evocations     | |  0.1

Action                   || total
-------------------------++-------
Melee: Staff             ||    38
       Tailslap          ||     5
 Cast: Magic Dart        ||    93
  Use: Scroll            ||     1
Armor: Robe              ||    24
Dodge: Dodged            ||    47

Table legend: (Time is in decaauts)
 A = Elapsed time spent in this place.
 B = Non-inter-level travel time spent in this place.
 C = Inter-level travel time spent in this place.
 D = Time resting spent in this place.
 E = Time spent auto-exploring this place.
 F = Levels seen in this place.
 G = Mean time per level.
                   A        B        C        D        E       F      G
               +--------+--------+--------+--------+--------+-----+--------+
         Total |   2459 |   2430 |     29 |     46 |   2057 |   2 | 1229.5 |
       Dungeon |   2459 |   2430 |     29 |     46 |   2057 |   2 | 1229.5 |
               +--------+--------+--------+--------+--------+-----+--------+

Top non-repeatable levels by time:
     D:1: 1597 daAuts
     D:2: 862 daAuts
